 Dungeon Crawl Stone Soup version 0.19.0-24-gb05acd6 (webtiles) character file.

251 ChaseSP the Changer (level 6, -3/29 HPs)
             Began as a Vine Stalker Transmuter on Nov 22, 2016.
             Slain by a phantom (8 damage)
             ... on level 4 of the Dungeon.
             The game lasted 00:06:27 (2799 turns).

ChaseSP the Changer (Vine Stalker Transmuter)       Turns: 2799, Time: 00:06:27

Health: -3/29      AC:  4    Str: 14    XL:     6   Next: 13%
Magic:  0/10       EV: 12    Int: 13    God:
Gold:   172        SH:  0    Dex: 15    Spells: 3 memorised, 3 levels left

rFire  . . .     SeeInvis .       - Unarmed
rCold  . . .     Gourm    .     n - +2 robe {rN+}
rNeg   + . .     Faith    .     (no shield)
rPois  +         Spirit   +     (no helmet)
rElec  .         Reflect  .     (no cloak)
rCorr  .         Harm     .     (no gloves)
MR     .....                    (no boots)
Stlth  +.........               (no amulet)
                                (no ring)
                                x - ring of poison resistance

@: no status effects
A: fangs 2, regeneration 1, magic shield, antimagic bite, no device heal 3, rot
immunity
a: no special abilities


You were on level 4 of the Dungeon.
You were not hungry.

You visited 1 branch of the dungeon, and saw 4 of its levels.

You collected 172 gold pieces.

Inventory:

Missiles
 a - 9 arrows
Armour
 b - a +0 robe
 n - a +2 robe of positive energy (worn)
 y - a +0 scale mail
Jewellery
 x - a ring of poison resistance (left hand)
Wands
 s - a wand of enslavement (16/24)
Scrolls
 i - a scroll of noise {unknown}
 j - a scroll of remove curse {unknown}
 k - a scroll of identify {unknown}
 m - a scroll of enchant weapon {unknown}
 q - 4 scrolls of teleportation {unknown}
 r - a scroll of fog {unknown}
 u - a scroll of enchant armour {unknown}
 A - a scroll of amnesia {unknown}
Potions
 e - 4 potions of lignification {unknown}
 f - a potion of magic {unknown}
 l - 4 potions of curing
 p - a potion of agility {unknown}
 v - a potion of invisibility {unknown}
 w - a potion of mutation {unknown}
 B - a potion of beneficial mutation {unknown}
Books
 c - a book of Changes

   Spells                             Type                      Level
   a - Beastly Appendage              Transmutation                1
   b - Sticks to Snakes               Transmutation                2
   c - Spider Form                    Transmutation/Poison         3
   d - Ice Form                       Ice/Transmutation            4
   e - Blade Hands                    Transmutation                5
 o - a book of Cantrips

   Spells                             Type                      Level
   a - Confusing Touch                Hexes                        1
   b - Animate Skeleton               Necromancy                   1
   c - Summon Small Mammal            Summoning                    1
   d - Apportation                    Translocation                1
Comestibles
 d - 4 bread rations
 g - a beef jerky
 h - 2 meat rations
 t - a royal jelly
 z - 16 chunks of flesh


   Skills:
 - Level 0.8 Fighting
 + Level 0.8 Armour
 - Level 1.9 Dodging
 + Level 3.5 Unarmed Combat
 - Level 2.1 Spellcasting
 * Level 5.1 Transmutations
 - Level 2.0 Poison Magic


You had 3 spell levels left.
You knew the following spells:

 Your Spells              Type           Power        Failure   Level  Hunger
a - Beastly Appendage     Tmut           ##....       3%          1    ##.....
b - Sticks to Snakes      Tmut           ##......     6%          2    ###....
c - Spider Form           Tmut/Pois      ##........   17%         3    ####...


Dungeon Overview and Level Annotations

Branches:
Dungeon (4/15)
 Temple: D:4-7

Altars:
Makhleb
Vehumet


Innate Abilities, Weirdness & Mutations

You have extremely sharp teeth.
Your natural rate of healing is unusually fast.
When hurt, damage is shared between your health and your magic reserves.
Your bite disrupts and absorbs the magic of your enemies.
Potions and wands cannot restore your health.
You are immune to rotting.


Message History

The phantom hits you!
You hit the phantom but do no damage.
The phantom is heavily damaged.
You hit the phantom.
The phantom is heavily damaged.
The phantom hits you!
You barely miss the phantom.
The phantom is heavily damaged.
Your transformation has ended.
Your +2 robe of positive energy unmelds from your body.
You feel more protected from negative energy.
The phantom barely misses you.
You hit the phantom.
The phantom is heavily damaged.
The phantom hits you!
* * * LOW HITPOINT WARNING * * *
You hit the phantom but do no damage.
The phantom is heavily damaged.
The phantom hits you!
You die...

#.......#
#############
#.......#
#.#.#...#.#.#
........#
##.#.Z#..#.##
........#
#.#..###Z.#.#
........#
##..##.##.W##
.######...
###..##...##Z.#
......#
#Z..##..%.Z.Z.#
......#
#W#..##...##..#
......+ ###@##..##.
..## .###### #...#
#..# ..#. .#
##+###.รท.# #..#..#
## .#.....
#........# #...#
.#......#........##
###
.#......#...##....#
'#......#...##+####
.#.....##...##...
.#.....#.........


You could see a phantom and a leopard gecko skeleton.

Vanquished Creatures
  2 orc priests
  2 orc wizards
  Jessica (D:2)
  A worker ant (D:3)
  3 adders
  An ooze (D:4)
  A leopard gecko (D:1)
  7 orcs
  6 bats
  8 giant cockroaches
  3 goblins
  3 hobgoblins
  A jackal (D:1)
  A quokka (D:4)
  2 frilled lizards
  9 kobolds
  6 rats
57 creatures vanquished.

Vanquished Creatures (collateral kills)
  A kobold (D:1)
1 creature vanquished.

Grand Total: 58 creatures vanquished

Notes
Turn   | Place    | Note
-------+----------+-------------------------------------------
     0 | D:1      | ChaseSP the Vine Stalker Transmuter began the quest for the Orb.
     0 | D:1      | Reached XP level 1. HP: 9/9 MP: 4/4
   176 | D:1      | Reached XP level 2. HP: 11/14 MP: 4/6
   180 | D:1      | Learned a level 2 spell: Sticks to Snakes
   326 | D:1      | Reached skill level 3 in Transmutations
   820 | D:1      | Reached XP level 3. HP: 16/17 MP: 7/7
   825 | D:1      | Learned a level 3 spell: Spider Form
  1137 | D:2      | Noticed Jessica
  1152 | D:2      | Killed Jessica
  1152 | D:2      | Reached skill level 4 in Transmutations
  1392 | D:2      | Gained mutation: Your natural rate of healing is unusually fast. [Vine Stalker growth]
  1392 | D:2      | Reached XP level 4. HP: 21/21 MP: 8/8
  1567 | D:2      | Found a radiant altar of Vehumet.
  1567 | D:2      | Found a burning altar of Makhleb.
  1938 | D:3      | Reached skill level 1 in Poison Magic
  2319 | D:3      | Reached XP level 5. HP: 25/25 MP: 5/9
  2691 | D:4      | Reached skill level 5 in Transmutations
  2691 | D:4      | Reached XP level 6. HP: 29/29 MP: 3/10
  2757 | D:4      | Noticed a phantom
  2799 | D:4      | Slain by a phantom

Skill      XL: |  1  2  3  4  5  6 |
---------------+-------------------+-----
Transmutations | 3 4 5 |  5.1
Poison Magic   | 1 2 |  2.0
Fighting       | |  0.8
Armour         | |  0.8
Dodging        | |  1.9
Unarmed Combat | |  3.5
Spellcasting   | |  2.1

Action                   |  1- 3 |  4- 6 || total
-------------------------+-------+-------++-------
Melee: Unarmed           |   130 |   116 ||   246
       Bite              |    24 |    23 ||    47
       Punch             |     1 |       ||     1
       Kick              |     3 |     2 ||     5
       Headbutt          |       |     3 ||     3
 Cast: Sticks to Snakes  |     3 |       ||     3
       Beastly Appendage |     1 |     3 ||     4
       Spider Form       |       |     3 ||     3
  Use: Potion            |       |     1 ||     1
 Stab: Sleeping          |     2 |     3 ||     5
  Eat: Chunk             |     2 |     5 ||     7
Armor: Robe              |    34 |    19 ||    53
Dodge: Dodged            |   105 |    80 ||   185
